 Dungeon Crawl Stone Soup version 0.17-a0-1850-g688e747 (webtiles) character file.

88563 dpvblackbelt the Spry (level 15, -7/132 HPs)
             Began as a Deep Elf Wizard on Sept 18, 2015.
             Was a High Priest of Vehumet.
             Mangled by a harpy zombie (8 damage)
             ... on level 1 of the Shoals on Sept 19, 2015.
             The game lasted 03:15:54 (31344 turns).

dpvblackbelt the Spry (Deep Elf Wizard)            Turns: 31344, Time: 03:15:54

Health: -7/132     AC: 27    Str:  4    XL:     15   Next: 46%
Magic:  17/44      EV:  2    Int: 32    God:    Vehumet [*****.]
Gold:   1475       SH:  0    Dex: 13    Spells: 13 memorised, 0 levels left

rFire  . . .     SeeInvis .     z - +1 spear (venom)
rCold  . . .     Clarity  .     (armour currently unavailable)
rNeg   + + +     SustAt   .     (no shield)
rPois  +         Gourm    +     (helmet currently unavailable)
rElec  .         Spirit   .     (cloak currently unavailable)
rCorr  .         Warding  .     (gloves currently unavailable)
rMut   .         NoTele   +     (boots currently unavailable)
MR     +....                    m - amulet of the gourmand
Stlth  +++.......               F - ring of magical power
                                a - ring of Kysaxt Wets {rPois EV+3 Int+2}

@: tree-form, engulfed, mesmerised, very slightly contaminated, hasted, repel
missiles, very quick, somewhat resistant to hostile enchantments, fairly
stealthy
A: no striking features
a: Renounce Religion


You were on level 1 of the Shoals.
You worshipped Vehumet.
Vehumet was extremely pleased with you.
You were full.
You were a tree.
You visited 7 branches of the dungeon, and saw 26 of its levels.

You collected 2433 gold pieces.
You spent 958 gold pieces at shops.

Inventory:

Hand weapons
 z - a +1 spear of venom (weapon)
Armour
 e - a +0 pair of gloves (melded)
 l - the +1 leather armour "Wuppuin" (melded) {+Blink Regen+ Dex+7}
   (You bought it in a shop on level 9 of the Dungeon)

   It affects your dexterity (+7).
   It lets you blink.
   It increases your rate of regeneration.
 n - the +2 cloak "Ququmn" (melded) {rElec rC- SInv}
   (You found it on level 2 of the Lair of Beasts)

   It makes you vulnerable to cold.
   It insulates you from electricity.
   It lets you see invisible.
 q - a +2 buckler
 T - the +0 mask of the Dragon (melded) {MR+ Slay+3 SInv}
   (You bought it in a shop on level 9 of the Dungeon)

   It affects your accuracy and damage with ranged weapons and melee attacks
   (+3).
   It affects your resistance to hostile enchantments.
   It lets you see invisible.
Magical staves
 u - an uncursed staff of earth
Jewellery
 a - the ring of Kysaxt Wets (left branch) {rPois EV+3 Int+2}
   (You acquired it on level 1 of the Lair of Beasts)

   [ring of evasion]

   It affects your evasion (+3).
   It affects your intelligence (+2).
   It protects you from poison.
 i - an uncursed amulet of resist mutation
 m - an amulet of the gourmand (around neck)
 p - an uncursed amulet of stasis
 y - an uncursed ring of protection from fire
 C - an uncursed amulet of clarity
 F - a ring of magical power (right branch)
 L - an uncursed ring of see invisible
 O - a +2 ring of intelligence
Magical devices
 s - a wand of draining (10)
 v - a wand of disintegration (0)
 J - a wand of polymorph (9)
 U - a wand of frost (11)
Scrolls
 g - 15 scrolls of remove curse
 o - 9 scrolls of identify
 A - 6 scrolls of enchant armour
 B - 4 scrolls of recharging
 D - 2 scrolls of teleportation
 N - a scroll of amnesia
Potions
 f - 2 potions of curing
 k - 3 potions of agility
 r - a potion of lignification
 t - a potion of magic
 w - a potion of haste
 E - 8 potions of poison
 R - a potion of mutation
 S - a potion of degeneration
Books
 G - a book of Cantrips

   Spells                             Type                      Level
   a - Corona                         Hexes                        1
   b - Animate Skeleton               Necromancy                   1
   c - Summon Small Mammal            Summoning                    1
   d - Apportation                    Translocation                1
 I - a book of Geomancy

   Spells                             Type                      Level
   a - Sandblast                      Earth                        1
   b - Stoneskin                      Transmutation/Earth          2
   c - Passwall                       Transmutation/Earth          3
   d - Stone Arrow                    Conjuration/Earth            3
   e - Petrify                        Transmutation/Earth          4
   f - Lee's Rapid Deconstruction     Earth                        5
 M - a book of Spatial Translocations

   Spells                             Type                      Level
   a - Apportation                    Translocation                1
   b - Blink                          Translocation                2
   c - Shroud of Golubria             Charms/Translocation         2
   d - Portal Projectile              Translocation                3
   e - Teleport Other                 Translocation                3
   f - Passage of Golubria            Translocation                4
 P - a book of Beasts

   Spells                             Type                      Level
   a - Summon Butterflies             Summoning                    1
   b - Call Canine Familiar           Summoning                    3
   c - Summon Ice Beast               Ice/Summoning                4
   d - Summon Mana Viper              Hexes/Summoning              5
   e - Summon Hydra                   Summoning                    7
Comestibles
 c - a beef jerky
 d - 6 bread rations
 h - 20 fruits
 j - a royal jelly
 x - 8 meat rations


   Skills:
 - Level 8.2 Fighting
 - Level 6.1 Armour
 - Level 15.0 Dodging
 - Level 2.4 Stealth
 - Level 4.4 Shields
 - Level 14.8 Spellcasting
 + Level 13.1 Conjurations
   Level 5.5 Hexes
 - Level 6.2 Charms
 - Level 8.0 Summonings
 - Level 1.1 Translocations
 - Level 10.3 Fire Magic


You couldn't memorise any spells.
You knew the following spells:

 Your Spells              Type           Power        Failure   Level  Hunger
a - Magic Dart            Conj           ####         0%          1    None
b - Blink                 Tloc           N/A          1%          2    None
c - Call Imp              Summ           ######..     1%          2    None
d - Sticky Flame          Conj/Fire      #######.     1%          4    None
e - Spellforged Servitor  Conj/Summ      ######....   7%          7    #####..
f - Repel Missiles        Chrm/Air       #####.       1%          2    None
g - Conjure Flame         Conj/Fire      #######.     1%          3    None
h - Lightning Bolt        Conj/Air       ######....   1%          5    None
i - Bolt of Magma         Conj/Fire/Erth ######....   1%          5    None
j - Summon Butterflies    Summ           ######..     1%          1    None
k - Shroud of Golubria    Chrm/Tloc      #####.....   1%          2    None
l - Stoneskin             Trmt/Erth      ###.....     2%          2    None
m - Orb of Destruction    Conj           #######...   2%          7    #####..


Dungeon Overview and Level Annotations

Branches:
Dungeon (10/15)            Temple (1/1) D:7            Lair (8/8) D:10
 Shoals (1/4) Lair:3       Spider (1/4) Lair:4        Slime (0/6) Lair:7
    Orc (4/4) D:9             Elf (1/3) Orc:3

Altars:
Ashenzari
Cheibriados
Dithmenos
Elyvilon
Fedhas
Gozag
Makhleb
Nemelex Xobeh
Okawaru
Sif Muna
Trog
Vehumet
Zin
Beogh
Jiyva

Shops:
D:9 [   Orc:2 !   Orc:4 *[(:=

Annotations:
D:8 Erolcha, Gastronok
Lair:3 Nergalle


Message History

* * * LOW HITPOINT WARNING * * *
The merfolk barely misses you.
The merfolk avatar chants its luring song.
You barely miss the water elemental.
The water elemental is lightly damaged.
The wind drake bites you but does no damage.
The merfolk aquamancer hits you but does no damage.
The water elemental hits you!
* * * LOW HITPOINT WARNING * * *
The water elemental barely misses you.
The griffon bites you but does no damage.
The griffon barely misses you.
The griffon claws you but does no damage.
The water elemental hits you.
* * * LOW HITPOINT WARNING * * *
Unknown command.
You hit the water elemental but do no damage.
The water elemental is lightly damaged.
The harpy zombie claws you!
You die...

≈≈≈≈≈≈≈≈..≈≈≈≈≈
≈≈≈≈≈≈≈≈≈≈.≈≈≈≈
≈≈≈≈≈≈≈≈≈≈.≈≈≈≈
≈≈≈≈≈≈≈≈≈≈≈≈.≈.
≈≈≈≈≈≈≈≈≈%≈.. ≈
≈≈≈≈≈≈≈≈≈≈.#..≈
..≈≈≈≈≈m≈≈≈≈EEk≈....≈
..≈≈≈≈%≈≈%ZZm♣≈≈≈≈≈≈≈
#.≈≈≈≈≈≈≈≈≈≈EHZ≈≈≈≈≈≈
?....≈≈≈%≈≈m.Z≈≈≈≈≈≈≈
......≈≈≈%....≈≈≈≈≈≈≈
.......≈...#..≈%≈≈≈≈≈
...Z.Z....###..≈≈≈≈≈≈
.m.....<..# #..≈≈≈≈≈≈
...............≈≈≈≈≈≈
...............


You could see a merfolk avatar, a griffon, a merfolk aquamancer, a wind drake, a
merfolk, 3 water elementals, 2 bat zombies, a hippogriff zombie and a harpy
zombie.

Vanquished Creatures
  3 orc warlords
  2 stone giants
  Snorg (Lair:3)
  3 ettins (Orc:4)
  Josephine (Lair:4)
  5 hydras
  Harold (Lair:1)
  A hydra (shapeshifter) (Elf:1)
  3 catoblepae (Lair:8)
  16 death yaks
  An orc high priest (Orc:4)
  The ghost of mcbry74 the Nimble, an experienced MfTm of Sif Muna (D:7)
  A deep elf knight (Elf:1)
  3 orc knights
  A hill giant (D:9)
  Pikel (D:8)
  3 harpies (Shoals:1)
  2 deep elf summoners (Elf:1)
  5 deep elf conjurers (Elf:1)
  2 orc sorcerers (Orc:4)
  8 cyclopes (Orc:4)
  3 griffons
  An orb spider (Spider:1)
  18 elephants
  A manticore (Lair:3)
  6 black mambas
  Maurice (Orc:2)
  8 spiny frogs
  2 fire drakes
  12 komodo dragons
  A deep elf priest (Elf:1)
  2 polar bears
  Prince Ribbit (D:7)
  14 blink frogs
  2 trolls (Orc:4)
  2 wyverns
  46 yaks
  5 deep elf magi
  10 deep elf fighters
  3 basilisks
  5 wraiths (Lair:4)
  3 hungry ghosts
  8 wolves
  15 hippogriffs
  5 wargs
  8 porcupines
  29 water moccasins
  4 spiders (Spider:1)
  4 ice beasts
  4 slaves (D:8)
  42 orc warriors
  A phantom (D:6)
  5 centaurs
  A necrophage (D:8)
  10 ogres
  11 crocodiles
  3 big kobolds
  Blork the orc (D:9)
  19 giant frogs
  4 scorpions
  An electric eel (Lair:5)
  6 killer bees
  3 crimson imps
  2 vampire bats (Lair:8)
  6 hounds
  4 giant frog skeletons
  3 jellies
  2 centaur zombies
  16 orc priests
  A wasp zombie (D:9)
  8 iguanas
  39 orc wizards
  A centaur skeleton (D:7)
  Terence (D:2)
  5 worker ants
  17 sheep
  A hound zombie (D:6)
  A hound skeleton (D:5)
  4 worker ant zombies
  16 adders
  16 gnolls
  59 river rats
  A shadow imp (D:7)
  4 oozes
  An adder zombie (D:8)
  A worm (D:3)
  6 giant geckos
  155 orcs
  13 bats
  3 giant cockroaches
  12 hobgoblins
  8 jackals
  29 kobolds
  4 giant newts
  16 goblins
  A jackal zombie (D:5)
  6 quokkas
  A quokka zombie (D:5)
  9 rats
  A butterfly (Lair:7)
  6 fungi
  3 plants
876 creatures vanquished.

Vanquished Creatures (collateral kills)
  Joseph (D:7)
  An orc warrior (D:9)
  An orc priest (D:5)
  An adder (D:7)
  An adder skeleton (D:9)
  An orc (D:9)
6 creatures vanquished.

Vanquished Creatures (others)
  An orc warrior (Orc:4)
  An orc wizard (Orc:4)
  A river rat (Lair:1)
  2 orcs (Orc:4)
  55 fungi
  22 plants
82 creatures vanquished.

Grand Total: 964 creatures vanquished

Notes
Turn   | Place    | Note
--------------------------------------------------------------
     0 | D:1      | dpvblackbelt the Deep Elf Wizard began the quest for the Orb.
     0 | D:1      | Reached XP level 1. HP: 10/10 MP: 7/7
   328 | D:1      | Reached XP level 2. HP: 9/15 MP: 9/9
   520 | D:1      | Learned a level 2 spell: Blink
   523 | D:1      | Learned a level 2 spell: Call Imp
   526 | D:1      | Learned a level 2 spell: Slow
  1147 | D:1      | Reached XP level 3. HP: 19/19 MP: 8/10
  1491 | D:2      | Found a burning altar of Makhleb.
  1716 | D:2      | Noticed Terence
  1753 | D:2      | Killed Terence
  1753 | D:2      | Reached XP level 4. HP: 20/24 MP: 3/12
  1964 | D:2      | Found a shattered altar of Ashenzari.
  2253 | D:3      | Reached skill level 5 in Conjurations
  2258 | D:3      | Learned a level 3 spell: Mephitic Cloud
  2259 | D:3      | Noticed an orc warrior
  2791 | D:2      | Reached skill level 5 in Spellcasting
  2791 | D:2      | Reached XP level 5. HP: 21/28 MP: 2/14
  2896 | D:3      | Killed an orc warrior
  2896 | D:3      | Reached skill level 6 in Spellcasting
  3288 | D:3      | Noticed a centaur
  3405 | D:3      | Reached skill level 7 in Spellcasting
  3405 | D:3      | Reached XP level 6. HP: 20/32 MP: 9/18
  3564 | D:3      | Learned a level 2 spell: Repel Missiles
  3568 | D:3      | Learned a level 3 spell: Conjure Flame
  3800 | D:4      | Found a snail-covered altar of Cheibriados.
  3990 | D:4      | Reached skill level 1 in Hexes
  3990 | D:4      | Reached skill level 1 in Charms
  4247 | D:4      | Found a viscous altar of Jiyva.
  4357 | D:4      | Reached XP level 7. HP: 36/36 MP: 20/20
  4491 | D:5      | Entered Level 5 of the Dungeon
  4844 | D:5      | Reached skill level 5 in Charms
  5109 | D:5      | Reached skill level 5 in Hexes
  5455 | D:5      | Reached XP level 8. HP: 41/41 MP: 21/21
  6111 | D:6      | Reached skill level 5 in Fire Magic
  7437 | D:7      | Found a staircase to the Ecumenical Temple.
  7437 | D:7      | Noticed mcbry74's ghost (experienced MfTm)
  7441 | Temple   | Entered the Ecumenical Temple
  7755 | Temple   | Became a worshipper of Vehumet
  7989 | D:7      | Reached XP level 9. HP: 34/45 MP: 10/22
  8113 | D:7      | Reached skill level 8 in Fire Magic
  8220 | D:7      | Killed mcbry74's ghost
  8220 | D:7      | Reached skill level 9 in Fire Magic
  8479 | D:7      | Acquired Vehumet's first power
  8479 | D:7      | Offered knowledge of Sandblast by Vehumet.
  8479 | D:7      | Reached skill level 10 in Fire Magic
  8544 | D:7      | Noticed Joseph
  8749 | D:7      | Reached skill level 1 in Fighting
  9210 | D:7      | Killed Joseph
  9526 | D:7      | Noticed Prince Ribbit
  9536 | D:7      | Killed Prince Ribbit
  9804 | D:7      | Reached XP level 10. HP: 56/56 MP: 18/23
 10186 | D:7      | Upgraded the game from 0.17-a0-1842-gacc33f2 to 0.17-a0-1850-g688e747
 10434 | D:8      | Noticed Pikel
 10490 | D:8      | You fall through a shaft!
 10527 | D:9      | Found Juighuerik's Armour Shoppe.
 10529 | D:9      | Found a staircase to the Orcish Mines.
 11076 | D:9      | Bought the cursed +1 leather armour "Wuppuin" {+Blink Regen+ Dex+7} for 359 gold pieces
 11242 | D:9      | Offered knowledge of Sting by Vehumet.
 11357 | D:9      | Noticed Blork the orc
 11559 | D:8      | Reached skill level 1 in Armour
 11854 | D:8      | Noticed Gastronok
 11988 | D:8      | Killed Pikel
 12623 | D:8      | Noticed Erolcha
 13015 | D:9      | Offered knowledge of Ignite Poison by Vehumet.
 13038 | D:9      | Reached skill level 5 in Armour
 13046 | D:9      | Killed Blork the orc
 13276 | D:9      | Noticed a hill giant
 13293 | D:9      | Killed a hill giant
 13354 | D:9      | Acquired Vehumet's second power
 13676 | D:10     | Entered Level 10 of the Dungeon
 13835 | D:10     | Reached XP level 11. HP: 53/60 MP: 6/24
 13973 | D:10     | Offered knowledge of Sticky Flame by Vehumet.
 14206 | D:10     | Learned a level 4 spell: Sticky Flame
 14215 | D:10     | Found a staircase to the Lair.
 14225 | Lair:1   | Entered Level 1 of the Lair of Beasts
 14267 | Lair:1   | Identified a scroll of acquirement
 14269 | Lair:1   | Got a transparent iron ring
 14270 | Lair:1   | Identified the ring of Kysaxt Wets {rPois EV+3 Int+2} (You acquired it on level 1 of the Lair of Beasts)
 14672 | Lair:1   | Noticed Harold
 14676 | Lair:1   | Noticed an eight-headed hydra
 14749 | Lair:1   | Killed Harold
 14749 | Lair:1   | Reached skill level 10 in Conjurations
 14911 | Lair:1   | Acquired Vehumet's third power
 15042 | Lair:1   | Offered knowledge of Lightning Bolt by Vehumet.
 15049 | Lair:1   | Learned a level 5 spell: Lightning Bolt
 15201 | Lair:1   | Killed an eight-headed hydra
 15357 | Lair:2   | Got a warped cloak
 15589 | Lair:2   | Reached skill level 5 in Dodging
 15919 | Lair:3   | Reached skill level 10 in Spellcasting
 15995 | Lair:3   | Found a staircase to the Shoals.
 16234 | Lair:3   | Reached skill level 11 in Spellcasting
 16307 | Lair:3   | Identified the +2 cloak "Ququmn" {rElec rC- SInv} (You found it on level 2 of the Lair of Beasts)
 16409 | Lair:3   | Noticed Snorg
 16426 | Lair:3   | Killed Snorg
 16458 | Lair:3   | Noticed Nergalle
 16477 | Lair:4   | Noticed a four-headed hydra
 16511 | Lair:4   | Killed a four-headed hydra
 16511 | Lair:4   | Reached skill level 12 in Spellcasting
 16511 | Lair:4   | Reached XP level 12. HP: 49/65 MP: 19/30
 16693 | Lair:4   | Found a hole to the Spider Nest.
 16743 | Spider:1 | Entered Level 1 of the Spider Nest
 16858 | Spider:1 | Reached skill level 13 in Spellcasting
 17228 | Lair:4   | Reached skill level 14 in Spellcasting
 17233 | Lair:4   | Offered knowledge of Venom Bolt by Vehumet.
 17299 | Lair:4   | Noticed Josephine
 17309 | Lair:4   | Killed Josephine
 17318 | Lair:4   | HP: 2/97 [wraith[Josephine] (6)]
 18244 | Lair:5   | Reached skill level 5 in Fighting
 20183 | Lair:6   | Reached XP level 13. HP: 76/76 MP: 18/33
 20767 | Lair:6   | Offered knowledge of Irradiate by Vehumet.
 21872 | Lair:7   | Found a staircase to the Slime Pits.
 22043 | Lair:8   | Entered Level 8 of the Lair of Beasts
 22977 | Lair:8   | Reached skill level 10 in Dodging
 23285 | Lair:8   | Offered knowledge of Bolt of Magma by Vehumet.
 23503 | Lair:8   | Learned a level 5 spell: Bolt of Magma
 23946 | Lair:8   | Reached XP level 14. HP: 74/84 MP: 23/34
 24634 | Lair:8   | Learned a level 1 spell: Summon Butterflies
 24838 | Lair:8   | Learned a level 2 spell: Shroud of Golubria
 24841 | Lair:8   | Learned a level 2 spell: Stoneskin
 24869 | Lair:8   | Reached skill level 15 in Dodging
 25237 | Lair:8   | Offered knowledge of Conjure Ball Lightning by Vehumet.
 26453 | D:9      | Bought the +0 mask of the Dragon {MR+ Slay+3 SInv} for 367 gold pieces
 26468 | Orc:1    | Entered Level 1 of the Orcish Mines
 26745 | Orc:2    | Noticed Maurice
 26748 | Orc:2    | Killed Maurice
 26879 | Orc:2    | Found Gamuch's Distillery.
 26888 | Orc:2    | Bought a potion of mutation for 37 gold pieces
 26888 | Orc:2    | Bought a potion of heal wounds for 75 gold pieces
 26888 | Orc:2    | Bought a potion of heal wounds for 75 gold pieces
 26888 | Orc:2    | Bought a potion of curing for 45 gold pieces
 27203 | Orc:3    | Found a runed door.
 27579 | Orc:3    | Found a staircase to the Elven Halls.
 27735 | Orc:3    | Found a roughly hewn altar of Beogh.
 27920 | Orc:4    | Entered Level 4 of the Orcish Mines
 27920 | Orc:4    | Found Kun Zic's Antique Weapon Emporium.
 27920 | Orc:4    | Noticed an orc warlord
 28016 | Orc:4    | Found Gaiqet's Antique Armour Shoppe.
 28019 | Orc:4    | Noticed an orc warlord
 28054 | Orc:3    | Killed an orc warlord
 28072 | Orc:3    | Offered knowledge of Orb of Destruction by Vehumet.
 28096 | Orc:3    | Learned a level 7 spell: Orb of Destruction
 28398 | Orc:4    | Reached skill level 1 in Shields
 28569 | Orc:4    | HP: 3/84 [ettin/dire flail (24)]
 28755 | Orc:4    | Noticed an orc warlord
 28880 | Orc:4    | Reached XP level 15. HP: 88/88 MP: 21/35
 29192 | Orc:4    | Found Gior's Jewellery Shoppe.
 29194 | Orc:4    | Offered knowledge of Spellforged Servitor by Vehumet.
 29337 | Orc:4    | Learned a level 7 spell: Spellforged Servitor
 29389 | Orc:4    | Found Jyorum's Book Shoppe.
 29579 | Orc:4    | Killed an orc warlord
 29891 | Orc:4    | Killed an orc warlord
 29893 | Orc:4    | Reached skill level 5 in Summonings
 30408 | Orc:4    | Found Fif Muec's General Store.
 30603 | Elf:1    | Entered Level 1 of the Elven Halls
 31327 | Shoals:1 | Entered Level 1 of the Shoals
 31343 | Shoals:1 | HP: 4/132 [water elemental (8)]
 31343 | Shoals:1 | HP: 1/132 [water elemental (3)]
 31344 | Shoals:1 | Mangled by a harpy zombie

Vault maps used:
D:1:      nicolae_arrival_somewhat_less_tricky_arrival
D:2:      lemuel_doored_altar, lemuel_coloured_pillars_altar,
          due_unseen_surprise, uniq_terence
D:3:      minivault_23, lightli_corner_chamber
D:4:      kennysheep_mini_moat, jiyva_altar_1
D:5:      serial_corexii_hall, corexii_hall_statues_s, corexii_hall_statues_l,
          first_bread, minmay_hedge_maze
D:6:      corexii_shantytown
D:7:      temple_fountains, uniq_prince_ribbit1, uniq_joseph
D:8:      minmay_bad_closet, uniq_pikel, uniq_erolcha, uniq_gastronok
D:9:      gammafunk_temple_overflow_elements, orc_david_3, sword_in_stone
D:10:     lair_0_dummy, uniq_urug, uniq_grum
Temple:   chambers_temple_14
Lair:1:   serial_bayou_shore_a, uniq_harold
Lair:2:   st_stairs_4, serial_bayou_lake_a
Lair:3:   minmay_shoals_entry_beasts, uniq_nergalle, uniq_snorg
Lair:4:   spider_nest_entry_web_field, beast_lair_carwin_3, uniq_josephine
Lair:5:   columned_hall_lemuel, infiniplex_staircase_pool
Lair:6:   beast_lair_carwin_7
Lair:7:   slime_dummy, lemuel_fruit_fields
Lair:8:   evilmike_catoblepas_cave, lab_entry_generic, roderic_batcave,
          grunt_megastairs_1
Shoals:1: nicolae_shoals_undead_eyrie
Spider:1: uniq_kirke
Orc:2:    serial_shops, shop, uniq_maurice
Orc:3:    nicolae_orc_pool_cavern, lightli_church_of_beogh
Orc:4:    grunt_orc_gardens, grunt_orc_garden, grunt_orc_garden,
          grunt_orc_garden, grunt_orc_garden, serial_shops, shop, special_room,
          minmay_orc_treasury
Elf:1:    eino_elf_arrival_the_gate, evilmike_minifort, guppyfry_library_mini

Action                   |  1- 3 |  4- 6 |  7- 9 | 10-12 | 13-15 || total
-------------------------+-------+-------+-------+-------+-------++-------
Melee: Short sword       |    11 |       |       |       |       ||    11
       Spear             |       |       |    20 |   283 |   658 ||   961
 Cast: Magic Dart        |    81 |   151 |   473 |   639 |    63 ||  1407
       Call Imp          |     1 |     3 |    11 |    35 |       ||    50
       Mephitic Cloud    |       |     7 |    23 |    44 |     3 ||    77
       Blink             |       |     4 |     5 |    17 |     7 ||    33
       Conjure Flame     |       |     2 |    16 |    63 |    14 ||    95
       Repel Missiles    |       |       |     3 |     1 |       ||     4
       Sticky Flame      |       |       |       |    76 |   142 ||   218
       Lightning Bolt    |       |       |       |    95 |   289 ||   384
       Orb of Destructio |       |       |       |       |    33 ||    33
       Stoneskin         |       |       |       |       |     4 ||     4
       Shroud of Golubri |       |       |       |       |     4 ||     4
Evoke: Wand              |       |       |       |     4 |       ||     4
  Use: Potion            |       |       |     4 |    20 |    11 ||    35
       Scroll            |       |       |     8 |    16 |     2 ||    26
 Stab: Confused          |       |       |       |     3 |       ||     3
       Distracted        |       |       |       |     1 |     1 ||     2
       Sleeping          |       |       |       |       |     2 ||     2
  Eat: Chunk             |     2 |     7 |    14 |    11 |    45 ||    79
       Fruit             |       |     1 |       |     1 |       ||     2
       Beef jerky        |       |       |     1 |     1 |     1 ||     3
       Bread ration      |       |       |       |     5 |       ||     5
       Meat ration       |       |       |       |     1 |       ||     1
